 Dungeon Crawl Stone Soup version 0.31.0-1-g2c135a008e (webtiles) character file.

Game seed: 3280351558404636535

403 qw the Shooter (level 7, 0/52 HPs)
             Began as a Djinni Hunter on Jan 23, 2024.
             Was an Initiate of Okawaru.
             Slain by a white imp (3 damage)
             ... on level 4 of the Dungeon.
             The game lasted 00:00:10 (2701 turns).

qw the Shooter (Djinni Hunter)                      Turns: 2701, Time: 00:00:11

Health: 0/52       AC:  7    Str: 10    XL:     7   Next: 11%
Gold:   87         EV: 12    Int: 11    God:    Okawaru [......] SH:  0 Dex: 18

rFire   + + .        a - +0 shortbow
rCold   x . .        (shield currently unavailable)
rNeg    . . .        f - +0 ring mail
rPois   inf          e - +2 hat
rElec   .            (no cloak)
rCorr   .            (no gloves)
SInv    .            (boots unavailable)
Will    .....        (no amulet)
Stlth   +            (no ring)
HPRegen 0.28/turn    (no ring)
MPRegen 0.00/turn

%: infuse magic (-1 HP)
@: flying
A: sickness immunity, fire resistance 2, cold vulnerability 1, float, innate
caster, HP casting, extra vitality 1
a: Renounce Religion


You were on level 4 of the Dungeon.
You worshipped Okawaru.
Okawaru was noncommittal.
You visited 2 branches of the dungeon, and saw 5 of its levels.

You collected 87 gold pieces.


Innate Abilities, Weirdness & Mutations

You are immune to sickness and miasma.
You are immune to poison.
Your flesh is very heat resistant. (rF++)
You are vulnerable to cold. (rC-)
You float through the air rather than walking.
You learn spells naturally, not from books.
Your magical power is your life essence.
You have superior vitality. (+4 MHP)


   Skills:
 - Level 4.0 Fighting
 + Level 5.1 Ranged Weapons
 - Level 1.3 Armour
 - Level 3.8 Dodging
 - Level 0.7 Stealth


You knew the following spells:

 Your Spells              Type           Power      Damage    Failure   Level
a - Shock                 Conj/Air       0%         1d3       65%         1
b - Jinxbite              Hex            0%         N/A       80%         2
c - Summon Ice Beast      Ice/Summ       0%         N/A       95%         3
Your spell library was empty.

Inventory:

Hand Weapons
 a - a +0 shortbow (weapon)
Armour
 e - a +2 hat (worn)
 f - a +0 ring mail (worn)
Wands
 g - a wand of quicksilver (4)
Potions
 d - 2 potions of enlightenment
 h - a potion of cancellation
 i - a potion of attraction {unknown}
 j - a potion of curing {unknown}

Dungeon Overview and Level Annotations

Branches:
Dungeon (4/15)             Temple (1/1) D:4

Altars:
Fedhas
Gozag
Hepliaklqana
Nemelex Xobeh
Okawaru
Qazlal
Ru
The Shining One


Message History

The white imp closely misses you. Ijyb barely misses you.
You shoot an arrow. The arrow hits Ijyb.
Ijyb is severely wounded.
The white imp hits you but does no damage.
Ijyb hits you with a +0 dagger.
You shoot an arrow. The arrow hits Ijyb.
Ijyb is almost dead.
The white imp gestures at you. The puff of frost hits you!
You feel a terrible chill! Ijyb misses you.
You shoot an arrow. The arrow hits Ijyb.
Ijyb is almost dead.
The white imp hits you. The white imp freezes you.
You feel a terrible chill! Ijyb hits you but does no damage.
Ijyb zaps a wand.
You suddenly lose the ability to move!
The white imp hits you but does no damage.
The white imp hits you but does no damage.
Ijyb hits you with a +0 dagger.
The white imp hits you but does no damage.
Ijyb hits you but does no damage.
You can move again.
You shoot an arrow. The arrow closely misses Ijyb.
The white imp gestures at you. The puff of frost hits you!!
You feel a terrible chill! Ijyb screams, "Me stronger than you!"
Ijyb zaps a wand.
You easily resist.
You shoot an arrow. The arrow hits Ijyb.
You kill Ijyb!
Okawaru accepts your kill. The white imp barely misses you.
You shoot an arrow. The arrow barely misses the white imp.
The white imp grins evilly.
The white imp closely misses you. The white imp gestures at you.
The puff of frost hits you!
You feel a terrible chill!
You shoot an arrow. The arrow hits the white imp.
The white imp is heavily wounded.
The white imp hits you but does no damage.
You shoot an arrow. The arrow closely misses the white imp.
The white imp hits you. The white imp freezes you.
You feel a terrible chill!
You die...

...#.#####......#
...#.## #......#
......## #......##
..###..# #######.#
.#####%#### ####+++#
##.##.....########.....
#..................#
...>.)#..........#
....[###...#####@#
###.)###...# #5)......
####..##...# ..#######
#...#..##..# .#.#
..#..)...#.# #.#.#
###....)...# # #..
#.......## ###
###.##### #.#


You could see a white imp.

Vanquished Creatures
  A black bear (D:4)
  A scorpion (D:3)
  A bombardier beetle (D:4)
  2 orc priests (D:4)
  Ijyb (D:4)
  7 adders
  5 dart slugs
  A ribbon worm (D:2)
  2 orcs (D:4)
  5 endoplasms
  3 giant cockroaches
  5 goblins
  6 hobgoblins
  4 jackals
  A quokka (D:2)
  6 ball pythons
  6 bats
  3 frilled lizards
  5 kobolds
  2 rats
67 creatures vanquished.

Notes
Turn   | Place    | Note
-------+----------+-------------------------------------------
     0 | D:1      | qw the Djinni Hunter began the quest for the Orb.
     0 | D:1      | Reached XP level 1. HP: 18/18 MP: 0/0
     0 | D:1      | 0 ||| qw: Version: 0.3-a-136-gdd3b4e8
     0 | D:1      | 0 ||| qw: Game counter: 1079
     0 | D:1      | 0 ||| qw: Melee chars always use a shield: true
     0 | D:1      | 0 ||| qw: God list: Okawaru
     0 | D:1      | 0 ||| qw: Allow faded altars: false
     0 | D:1      | 0 ||| qw: Do Orc after clearing Dungeon:15 true
     0 | D:1      | 0 ||| qw: Do second Lair branch before Depths: true
     0 | D:1      | 0 ||| qw: Lair rune preference: random
     0 | D:1      | 0 ||| qw: Goals: Normal
     0 | D:1      | 0 ||| PLANNING D:1-11
   104 | D:1      | Reached XP level 2. HP: 23/23 MP: 0/0
   346 | D:1      | Reached skill level 4 in Ranged Weapons
   346 | D:1      | Reached XP level 3. HP: 25/28 MP: 0/0
   346 | D:1      | Learned a level 1 spell: Shock
   726 | D:1      | 726 ||| UPGRADING to +0 ring mail.
   736 | D:1      | 736 ||| DROPPING +0 leather armour.
   737 | D:1      | 737 ||| READING scroll labelled GEFUGG JE KAIR.
   738 | D:1      | 738 ||| READING scroll labelled LUP KUODIONK.
   739 | D:1      | 739 ||| DROPPING scroll of butterflies.
   820 | D:2      | Found a blossoming altar of Fedhas.
   938 | D:2      | Reached skill level 1 in Armour
  1010 | D:2      | Reached XP level 4. HP: 34/34 MP: 0/0
  1365 | D:2      | Reached skill level 3 in Fighting
  1641 | D:2      | 1641 ||| UPGRADING to +2 hat.
  1646 | D:2      | 1646 ||| DRINKING 2 orange potions.
  1668 | D:2      | 1668 ||| DRINKING 2 clear potions.
  1669 | D:2      | 1669 ||| DROPPING potion of lignification.
  1670 | D:2      | 1670 ||| DROPPING potion of brilliance.
  1827 | D:3      | Noticed a scorpion
  1828 | D:3      | 1828 ||| ZAPPING wand of quicksilver (8) at 1,-4 (scorpion;
                  | floor).
  1829 | D:3      | 1829 ||| ZAPPING wand of quicksilver (7) at 1,-3 (scorpion;
                  | floor).
  1829 | D:3      | Killed a scorpion
  1830 | D:3      | Reached XP level 5. HP: 40/40 MP: 0/0
  1830 | D:3      | Learned a level 2 spell: Jinxbite
  2257 | D:3      | Reached skill level 5 in Ranged Weapons
  2336 | D:3      | 2336 ||| READING scroll labelled HEWAKI KYLOTOTZ.
  2336 | D:3      | 2336 ||| IDENTIFYING red potion
  2337 | D:3      | 2337 ||| DRINKING 3 brown potions.
  2409 | D:4      | Noticed a black bear
  2410 | D:4      | 2410 ||| ZAPPING wand of quicksilver (6) at 0,-2 (black
                  | bear; floor).
  2411 | D:4      | 2411 ||| ZAPPING wand of quicksilver (5) at 0,-1 (black
                  | bear; floor).
  2411 | D:4      | Killed a black bear
  2412 | D:4      | Reached skill level 3 in Dodging
  2412 | D:4      | Reached XP level 6. HP: 46/46 MP: 0/0
  2466 | D:4      | Found a staircase to the Ecumenical Temple.
  2467 | D:4      | 2467 ||| PLANNING TEMPLE
  2472 | D:4      | 2472 ||| READING scroll of identify.
  2472 | D:4      | 2472 ||| IDENTIFYING yellow potion
  2488 | D:4      | HP: 5/46 [orc priest/nerve-wracking pain (7)]
  2489 | D:4      | 2489 ||| DRINKING potion of heal wounds.
  2496 | D:4      | Reached XP level 7. HP: 20/52 MP: 0/0
  2496 | D:4      | Learned a level 3 spell: Summon Ice Beast
  2609 | Temple   | Entered the Ecumenical Temple
  2610 | Temple   | 2610 ||| PLANNING OKAWARU WORSHIP
  2613 | Temple   | Became a worshipper of Warmaster Okawaru
  2614 | Temple   | 2614 ||| PLANNING D:1-11
  2672 | D:4      | Noticed Ijyb
  2676 | D:4      | Paralysed by Ijyb for 3 turns
  2682 | D:4      | Paralysed by Ijyb for 4 turns
  2694 | D:4      | Paralysed by Ijyb for 3 turns
  2697 | D:4      | HP: 13/52 [white imp/puff of frost (18)]
  2698 | D:4      | Killed Ijyb
  2699 | D:4      | HP: 3/52 [white imp/puff of frost (10)]
  2701 | D:4      | Slain by a white imp

Levels and vault maps discovered:
D:1:      eino_arrival_cavern_a, layout_basic, serial_corexii_hall,
          corexii_hall_statues_s, corexii_hall_statues_x
D:2:      kennysheep_six_static_rooms, layout_basic, basic_altar,
          minmay_surrounded
D:3:      layout_loops_ring
D:4:      layout_basic, nicolae_wu_jian_immortal_techniques,
          minmay_temple_entry_wispy, kennysheep_windowed_goal, uniq_ijyb
Temple:   hellmonk_temple_two_chambers

Skill      XL: |  1  2  3  4  5  6 |
---------------+-------------------+-----
Ranged Weapons | 4 5 |  5.1
Armour         | 1 |  1.3
Fighting       | 3 4 |  4.0
Dodging        | 3 |  3.8
Stealth        | |  0.7

Action                     |  1- 3 |  4- 6 |  7- 9 || total
---------------------------+-------+-------+-------++-------
   Fire: Shortbow          |    68 |   149 |    24 ||   241
  Evoke: Wand              |       |     4 |       ||     4
    Use: Scroll            |     2 |     2 |       ||     4
         Potion            |       |     4 |       ||     4
 Armour: Leather armour    |     8 |       |       ||     8
         Ring mail         |     6 |    57 |    22 ||    85
  Dodge: Dodged            |    14 |    58 |    13 ||    85

Table legend:
 A = Non-vault XP
 B = Vault XP
 C = Vault XP percentage of total XP
 D = Non-vault monster count
 E = Vault monster count
 F = Vault count percentage of total count
                 A         B        C        D         E       F
            +---------+---------+-------+---------+---------+-------
      Total |     499 |      77 |  13.4 |      56 |      11 |  16.4
            +---------+---------+-------+---------+---------+-------
        D:1 |      41 |       0 |   0.0 |      21 |       0 |   0.0
        D:2 |      34 |      41 |  54.7 |      13 |      10 |  43.5
        D:3 |     141 |       0 |   0.0 |      13 |       0 |   0.0
        D:4 |     283 |      36 |  11.3 |       9 |       1 |  10.0
            +---------+---------+-------+---------+---------+-------
